 Dungeon Sprint DCSS version 0.29.1-13-g9f3cf754e1 (webtiles) character file.

Game seed: 14543982446791410262

55493 Groucho the Earth Mage (level 14, -36/74 HPs)
             Began as a Spriggan Earth Elementalist on Feb 5, 2023.
             Was the Champion of Vehumet.
             Blown up by Boris (76 damage)
             ... with an orb of destruction
             ... in the Dungeon (Sprint VII: "The Pits").
             The game lasted 00:46:08 (18175 turns).

Groucho the Earth Mage (SpEE)                      Turns: 18175, Time: 00:46:09

Health: -36/74     AC:  2    Str: 11    XL:     14   Next: 38%
Magic:  19/37      EV: 40    Int: 21    God:    Vehumet [******]
Gold:   24         SH:  0    Dex: 22    Spells: 8/50 levels left

rFire   + . .      SeeInvis +   r - +2 scimitar "Xeebbics" {pain, Str+7 Dex+6 Stlth+}
rCold   . . .      Faith    .   (no shield)
rNeg    . . .      Spirit   .   a - +0 robe
rPois   .          Reflect  .   (helmet restricted)
rElec   .          Harm     .   (no cloak)
rCorr   .          Rampage  .   (gloves unavailable)
Will    ++...      NoTele   +   (boots unavailable)
Stlth   ++++......              (no amulet)
HPRegen 0.22/turn               n - +3 ring of evasion
MPRegen 0.25/turn               x - ring of protection from fire

@: studying Throwing, very quick
A: very small, no large weapons, unfitting armour, see invisible, speed 3
a: Renounce Religion


You were in the Dungeon.
You worshipped Vehumet.
Vehumet was exalted by your worship.
You visited 1 branch You collected 24 gold pieces.

Inventory:

Hand Weapons
 m - a +2 quarterstaff of protection
 r - the +2 scimitar "Xeebbics" (weapon) {pain, Str+7 Dex+6 Stlth+}
   (You found it in the Dungeon)

   In the hands of one skilled in necromantic magic, it inflicts extra damage on
   living creatures.
   Str:       It affects your strength (+7).
   Dex:       It affects your dexterity (+6).
   Stlth:     It makes you more stealthy.
Missiles
 i - 22 stones
Armour
 a - a +0 robe (worn)
 b - a +1 cloak
 z - a +2 buckler of reflection
Jewellery
 l - a +3 ring of protection
 n - a +3 ring of evasion (left hand)
 w - a ring of positive energy
 x - a ring of protection from fire (right hand)
Scrolls
 g - a scroll of blinking
 j - 5 scrolls of amnesia
 k - a scroll of summoning
 s - 5 scrolls of identify
 t - a scroll of fear
 u - 2 scrolls of enchant armour
 v - 2 scrolls of enchant weapon
 y - a scroll of magic mapping
Potions
 e - 3 potions of haste
 f - 7 potions of berserk rage
 h - 2 potions of invisibility
 o - 2 potions of brilliance
 p - a potion of might
 q - 2 potions of mutation


   Skills:
 - Level 8.5 Fighting
 + Level 20.0 Dodging
 - Level 3.0 Stealth
 + Level 18.6 Spellcasting
 * Level 16.5 Conjurations
 - Level 1.3 Transmutations
 * Level 13.2 Fire Magic
 * Level 20.1 Earth Magic


You had 8 spell levels left.
You knew the following spells:

 Your Spells              Type           Power      Damage    Failure   Level
a - Sandblast             Erth           100%       2d20      0%          1
b - Stone Arrow           Conj/Erth      100%       3d13      0%          3
c - Iron Shot             Conj/Erth      38%        9d8       1%          6
d - Fireball              Conj/Fire      35%        3d15      1%          5
e - Shatter               Erth           40%        3d32*     17%         9
f - Iskenderun's Battles  Conj           73%        2d12      1%          5
g - Starburst             Conj/Fire      35%        6d10      1%          6
h - Orb of Destruction    Conj           36%        9d11      1%          7

Your spell library contained the following spells:

 Spells                   Type           Power      Damage    Failure   Level
 Chain Lightning          Conj/Air       26%        3d34      100%        9
 Polar Vortex             Ice            9%         N/A       100%        9
 Passwall                 Tmut/Erth      49%        N/A       1%          2
 Poisonous Vapours        Pois/Air       38%        N/A       1%          2
 Dazzling Flash           Conj/Hex       100%       N/A       1%          3
 Animate Armour           Summ/Erth      100%       N/A       1%          4
 Iskenderun's Mystic Bla  Conj/Tloc      52%        2d11      1%          4
 Leda's Liquefaction      Hex/Erth       29%        N/A       1%          4
 Petrify                  Tmut/Erth      59%        N/A       1%          4
 Borgnjor's Vile Clutch   Necr/Erth      29%        N/A       1%          5
 Lightning Bolt           Conj/Air       26%        1d42      1%          5
 Apportation              Tloc           38%        N/A       2%          1
 Conjure Ball Lightning   Conj/Air       26%        3x3d7     4%          6
 Airstrike                Air            9%         2d(2-18)  7%          4
 Ozocubu's Armour         Ice            19%        N/A       9%          3
 Corpse Rot               Necr/Pois/Air  19%        N/A       26%         4
 Dispel Undead            Necr           19%        3d11      26%         4
 Passage of Golubria      Tloc           19%        N/A       26%         4
 Summon Lightning Spire   Summ/Air       19%        N/A       26%         4
 Blade Hands              Tmut           12%        N/A       38%         5
 Alistair's Intoxication  Tmut/Pois      14%        N/A       50%         5
 Eringya's Noxious Bog    Tmut/Pois      11%        N/A       58%         6
 Death Channel            Necr           9%         N/A       99%         6
 Ozocubu's Refrigeration  Ice            9%         4d9       99%         7
 Malign Gateway           Summ/Tloc      9%         N/A       100%        7
 Borgnjor's Revivificati  Necr           9%         N/A       100%        8


Dungeon Overview and Level Annotations

Branches:
Dungeon (1/1)

Altars:
Ashenzari
Cheibriados
Dithmenos
Elyvilon
Fedhas
Gozag
Hepliaklqana
Kikubaaqudgha
Makhleb
Nemelex Xobeh
Okawaru
Qazlal
Ru
Sif Muna
Trog
Uskayaw
Vehumet
Wu Jian
Xom
Yredelemnul
Zin
The Shining One
Jiyva
Lugonu

Annotations:
D Boris


Innate Abilities, Weirdness & Mutations

You are very small and have problems with some larger weapons.
You are too small for most types of armour.
You have supernaturally acute eyesight. (SInv)
You cover ground extremely quickly. (Speed+++)


Message History

Aiming: Iron Shot (safe; 1% risk of failure)
Press: ? - help, Shift-Dir - straight line, f/p - nagaraja
Aim: a nagaraja, wielding a +0 flail and wearing a +0 robe (lightly wounded, 76% to hit)
The iron shot hits the nagaraja!!!
The nagaraja is heavily wounded.
You feel sick.
Your battlesphere fires!
The barrage of energy hits the nagaraja!
The nagaraja is severely wounded.
Unknown command.
Unknown command.
Casting: Iron Shot (safe; 1% risk of failure)
Confirm with . or Enter, or press ? or * to list all spells.
Aiming: Iron Shot (safe; 1% risk of failure)
Press: ? - help, Shift-Dir - straight line, f/p - nagaraja
Aim: a nagaraja, wielding a +0 flail and wearing a +0 robe (severely wounded, ally target, 76% to hit)
The iron shot hits the nagaraja!!
You kill the nagaraja!
Vehumet accepts your kill.
You feel your power returning.
You feel sick.
Your Dodging skill increases to level 20!
Unknown command.
Unknown command.
You start resting.
You feel sick. x5
Boris, Master of Life and Death comes into view.
He is wearing a +2 robe of cold resistance.
Boris is nearby!
Casting: Iron Shot (safe; 1% risk of failure)
Confirm with . or Enter, or press ? or * to list all spells.
You can't see any susceptible monsters within range! (Use Z to cast anyway.)
You feel sick.
You are no longer poisoned.
Boris conjures a glowing orb.
An orb of destruction comes into view.
Unknown command.
Boris gestures wildly while chanting.
Boris flickers and vanishes for a moment.
You see here a +0 robe.
The orb of destruction hits you!!!!
Ouch! That really hurt!
You die...

######################+#
...).....).)).().☼°○°..#
.))))...)....).)@.*.[°.#
#####))##############..#
.#........#.#.#[#[[[#.○#
.#.#....#.#.#.#[#[#[#.°#
..).....)...#.#[#[[[#.°#
.#.#....#.#.#.#.##.##○.#
............#'#'#[[[#°.#
.#.#....#.#.#...#.#[#°.#
............d...#[[[#○.#


You could see a friendly battlesphere.

Vanquished Creatures
  A lich (D)
  3 sphinxes (D)
  Frances (D)
  Kirke (D)
  7 nagarajas (D)
  2 deep elf sorcerers (D)
  2 orc warlords (D)
  Azrael (D)
  Snorg (D)
  2 yaktaur captains (D)
  A deep elf high priest (D)
  2 hydras (D)
  3 vault guards (D)
  2 ogre magi (D)
  5 two-headed ogres (D)
  4 death yaks (D)
  3 naga warriors (D)
  A vampire mage (D)
  An orc high priest (D)
  A sun demon (D)
  Sonja (D)
  A shadow wraith (D)
  A sixfirhy (D)
  A deep troll (D)
  A wizard (D)
  2 bog bodies (D)
  A swamp dragon (D)
  13 orc knights (D)
  A deep elf pyromancer (D)
  A wolf spider (D)
  A cyclops (D)
  6 elephants (D)
  A molten gargoyle (D)
  An orange demon (D)
  A naga mage (D)
  2 smoke demons (D)
  2 demonic crawlers (D)
  5 yaktaurs (D)
  An ice devil (D)
  2 kobold demonologists (D)
  A guardian mummy (D)
  3 trolls (D)
  A merfolk (D)
  A hornet (D)
  A tyrant leech (D)
  A wind drake (D)
  A snapping turtle (D)
  An air elemental (D)
  A wyvern (D)
  A fire bat (D)
  4 fire elementals (D)
  A wraith (D)
  2 hogs (D)
  A human (D)
  A redback (D)
  A basilisk (D)
  A warg (D)
  A water moccasin (D)
  2 hell hounds (D)
  A swamp drake (D)
  An orc warrior (D)
  An ice beast (D)
  An ogre (D)
  9 wolves (D)
  A centaur (D)
  4 kobold brigands (D)
  A gnoll sergeant (D)
  Blork the orc (D)
  3 scorpions (D)
  3 orc priests (D)
  5 orc wizards (D)
  A hell rat (D)
  A mummy (D)
  7 gnolls (D)
  2 river rats (D)
  An ufetubus (D)
  2 adder skeletons (D)
  12 orcs (D)
  A bat (D)
  A goblin (D)
  2 ball python simulacra (D)
  4 kobolds (D)
  2 rats (D)
182 creatures vanquished.

Vanquished Creatures (others)
  2 humans (D)
2 creatures vanquished.

Grand Total: 184 creatures vanquished

Notes
Turn   | Place    | Note
-------+----------+-------------------------------------------
     0 | D        | Groucho the Spriggan Earth Elementalist began the quest for
                  | the Orb.
     0 | D        | Reached XP level 1. HP: 9/9 MP: 5/5
     8 | D        | Noticed a scorpion
    71 | D        | Found a bloodstained altar of Trog.
    71 | D        | Found a shimmering blue altar of Sif Muna.
    71 | D        | Found a viscous altar of Jiyva.
    71 | D        | Found a hazy altar of Hepliaklqana.
    71 | D        | Found an opulent altar of Gozag.
    72 | D        | Found a glowing golden altar of the Shining One.
    72 | D        | Found a glowing silver altar of Zin.
    72 | D        | Found a basalt altar of Yredelemnul.
    72 | D        | Found a shimmering altar of Xom.
    72 | D        | Found an ornate altar of the Wu Jian Council.
    72 | D        | Found a sacrificial altar of Ru.
    72 | D        | Found a stormy altar of Qazlal.
    72 | D        | Found an iron altar of Okawaru.
    72 | D        | Found a sparkling altar of Nemelex Xobeh.
    72 | D        | Found a burning altar of Makhleb.
    72 | D        | Found a blossoming altar of Fedhas.
    72 | D        | Found a white marble altar of Elyvilon.
    72 | D        | Found a shadowy altar of Dithmenos.
    72 | D        | Found a snail-covered altar of Cheibriados.
    74 | D        | Found a radiant altar of Vehumet.
    74 | D        | Found a corrupted altar of Lugonu.
    75 | D        | Found a hide-covered altar of Uskayaw.
    75 | D        | Found an ancient bone altar of Kikubaaqudgha.
    75 | D        | Found a broken altar of Ashenzari.
    82 | D        | Became a worshipper of Vehumet
   237 | D        | Reached * piety under Vehumet
   237 | D        | Offered knowledge of Foxfire by Vehumet.
   242 | D        | Reached XP level 2. HP: 10/13 MP: 3/7
   490 | D        | Reached ** piety under Vehumet
   490 | D        | Offered knowledge of Static Discharge by Vehumet.
   723 | D        | Reached XP level 3. HP: 14/16 MP: 4/9
   894 | D        | Killed a scorpion
   894 | D        | Offered knowledge of Mephitic Cloud by Vehumet.
   895 | D        | Reached skill level 5 in Spellcasting
   895 | D        | Reached XP level 4. HP: 21/21 MP: 6/12
  1104 | D        | Learned a level 3 spell: Stone Arrow
  1114 | D        | Noticed a wraith
  1114 | D        | Noticed a kobold brigand
  1114 | D        | Noticed a wolf
  1114 | D        | Noticed a wolf
  1115 | D        | Noticed a wolf
  1126 | D        | Noticed a wolf
  1127 | D        | Noticed a wolf
  1137 | D        | HP: 1/21 [wolf (8)]
  1140 | D        | Killed a wolf
  1140 | D        | Reached *** piety under Vehumet
  1141 | D        | Reached XP level 5. HP: 19/24 MP: 5/15
  1143 | D        | Killed a wolf
  1144 | D        | Reached skill level 1 in Fighting
  1148 | D        | Killed a wolf
  1148 | D        | Offered knowledge of Airstrike by Vehumet.
  1149 | D        | Reached XP level 6. HP: 30/30 MP: 13/17
  1157 | D        | Reached **** piety under Vehumet
  1163 | D        | Killed a wraith
  1164 | D        | Reached skill level 5 in Conjurations
  1164 | D        | Reached XP level 7. HP: 36/36 MP: 2/20
  1483 | D        | Noticed a shadow wraith
  1484 | D        | Noticed an orange demon
  1484 | D        | Noticed a deep troll
  1503 | D        | Killed a shadow wraith
  1503 | D        | Offered knowledge of Fulminant Prism by Vehumet.
  1504 | D        | Reached skill level 10 in Dodging
  1504 | D        | Reached skill level 10 in Earth Magic
  1504 | D        | Reached XP level 8. HP: 37/42 MP: 7/22
  1781 | D        | Noticed an orc high priest
  1785 | D        | Killed an orc high priest
  1785 | D        | Reached ***** piety under Vehumet
  1785 | D        | Offered knowledge of Irradiate by Vehumet.
  1786 | D        | Reached skill level 5 in Fighting
  1786 | D        | Reached skill level 10 in Spellcasting
  2017 | D        | Noticed a snapping turtle
  2031 | D        | Killed a snapping turtle
  2032 | D        | Reached XP level 9. HP: 47/47 MP: 17/24
  2102 | D        | Killed an orange demon
  2118 | D        | Killed a deep troll
  2145 | D        | Noticed a molten gargoyle
  2148 | D        | Killed a molten gargoyle
  2214 | D        | Noticed an ice devil
  2219 | D        | Killed an ice devil
  2259 | D        | Noticed a demonic crawler
  2273 | D        | Killed a demonic crawler
  2555 | D        | Noticed a smoke demon
  2561 | D        | Killed a smoke demon
  2562 | D        | Reached XP level 10. HP: 53/53 MP: 18/26
  2718 | D        | Offered knowledge of Olgreb's Toxic Radiance by Vehumet.
  2727 | D        | Reached ****** piety under Vehumet
  2944 | D        | Noticed a deep elf pyromancer
  2955 | D        | Killed a deep elf pyromancer
  3186 | D        | Noticed a swamp dragon
  3186 | D        | Noticed a wolf spider
  3194 | D        | Killed a wolf spider
  3194 | D        | Offered knowledge of Iron Shot by Vehumet.
  3195 | D        | Reached skill level 10 in Conjurations
  3203 | D        | Killed a swamp dragon
  3540 | D        | Noticed a seven-headed hydra
  3540 | D        | Noticed a death yak
  3542 | D        | Noticed a death yak
  3542 | D        | Noticed a death yak
  3544 | D        | Noticed a death yak
  3552 | D        | Killed a seven-headed hydra
  3937 | D        | Learned a level 6 spell: Iron Shot
  4039 | D        | Killed a death yak
  4272 | D        | Killed a death yak
  4273 | D        | Reached XP level 11. HP: 60/60 MP: 4/29
  4584 | D        | Killed a death yak
  4584 | D        | Offered knowledge of Iskenderun's Battlesphere by Vehumet.
  4890 | D        | Killed a death yak
  4922 | D        | Offered knowledge of Yara's Violent Unravelling by Vehumet.
  5693 | D        | Noticed Blork the orc
  5694 | D        | Killed Blork the orc
  5696 | D        | Offered knowledge of Fireball by Vehumet.
  6259 | D        | Got the +2 scimitar "Xeebbics" {pain, Str+7 Dex+6 Stlth+}
  6289 | D        | Learned a level 5 spell: Fireball
  6321 | D        | Reached skill level 15 in Earth Magic
  6328 | D        | Reached skill level 1 in Fire Magic
  6435 | D        | Offered knowledge of Eringya's Noxious Bog by Vehumet.
  6699 | D        | Noticed an orc knight
  6703 | D        | Reached skill level 15 in Dodging
  6703 | D        | Noticed Sonja
  7046 | D        | Killed Sonja
  7046 | D        | Offered knowledge of Shatter by Vehumet.
  7046 | D        | Offered knowledge of Chain Lightning by Vehumet.
  7046 | D        | Offered knowledge of Polar Vortex by Vehumet.
  7056 | D        | Killed an orc knight
  7761 | D        | Learned a level 9 spell: Shatter
  7801 | D        | Noticed a bog body
  7803 | D        | Noticed a nagaraja
  7804 | D        | Noticed a bog body
  7806 | D        | Killed a bog body
  8142 | D        | Paralysed by an air elemental for 1 turns
  8390 | D        | Noticed a sun demon
  8398 | D        | Killed a sun demon
  9198 | D        | Reached skill level 5 in Fire Magic
  9198 | D        | Reached XP level 12. HP: 65/65 MP: 14/31
  9283 | D        | Killed a nagaraja
  9284 | D        | Reached skill level 15 in Spellcasting
 10140 | D        | Noticed Kirke
 10166 | D        | Killed Kirke
 10191 | D        | Noticed Snorg
 10214 | D        | Killed Snorg
 10561 | D        | Noticed a deep elf sorcerer
 10564 | D        | Killed a deep elf sorcerer
 10573 | D        | Noticed a vault guard
 10642 | D        | Killed a vault guard
 11379 | D        | Noticed Frances
 11396 | D        | Noticed a naga warrior
 11423 | D        | Killed Frances
 11766 | D        | Reached XP level 13. HP: 69/69 MP: 25/34
 12077 | D        | Noticed an orc warlord
 12082 | D        | Noticed an orc warlord
 12369 | D        | Killed an orc warlord
 13220 | D        | Killed an orc warlord
 13650 | D        | Reached skill level 10 in Fire Magic
 14017 | D        | Found the +8 demon trident "Rift" {distort, reach+}
 14083 | D        | HP: 2/69 [yaktaur captain/bolt (11)]
 14606 | D        | Noticed Azrael
 14611 | D        | Killed Azrael
 14827 | D        | Reached skill level 15 in Conjurations
 15811 | D        | Noticed a deep elf sorcerer
 15815 | D        | Killed a deep elf sorcerer
 15862 | D        | Noticed a sphinx
 15865 | D        | Paralysed by a sphinx for 3 turns
 15870 | D        | Killed a sphinx
 15903 | D        | Noticed a sphinx
 15922 | D        | Killed a sphinx
 16239 | D        | Noticed a nagaraja
 16248 | D        | Killed a nagaraja
 16253 | D        | Got the Excursus on Black Rites and Convocation
 16256 | D        | Noticed a sphinx
 16259 | D        | Got the Spellbook of Unclean Dislocation
 16259 | D        | Noticed a green draconian
 16275 | D        | Killed a sphinx
 16276 | D        | Noticed a lich
 16308 | D        | HP: 3/69 [green draconian/blast of poison (10)]
 16738 | D        | Noticed a nagaraja
 16742 | D        | Killed a nagaraja
 16743 | D        | Reached XP level 14. HP: 74/74 MP: 22/36
 16757 | D        | Killed a lich
 17155 | D        | Learned a level 5 spell: Iskenderun's Battlesphere
 17162 | D        | Learned a level 6 spell: Starburst
 17170 | D        | Learned a level 7 spell: Orb of Destruction
 17186 | D        | Noticed a nagaraja
 17192 | D        | Killed a nagaraja
 17428 | D        | Got the Parchment of Petrified Toxicity
 17431 | D        | Noticed a nagaraja
 17434 | D        | Noticed a nagaraja
 17444 | D        | Killed a nagaraja
 17445 | D        | Noticed a nagaraja
 17446 | D        | Killed a nagaraja
 18145 | D        | Noticed a nagaraja
 18158 | D        | Killed a nagaraja
 18163 | D        | Noticed Boris
 18175 | D        | Blown up by Boris

Illustrated notes

Levels and vault maps discovered:
D:        pitsprint [storerooms_1, entrance_room_1, metal_vault_5, armoury_3,
          mini_pit_1, grid_room_1, main_hall_1, silver_pit, the_coven_3,
          the_vestibule_1, steel_vault_4, golden_pit, hallway_of_sentries,
          crystal_vault_1, iron_vault_4, final_vault]

Skill      XL: |  1  2  3  4  5  6  7  8  9 10 11 12 13 14 |
---------------+-------------------------------------------+-----
Dodging        | 3 4 6 7 8 9 10 11 12 14 15 17 19 20 | 20.0
Spellcasting   | 3 4 5 6 7 8 9 10 11 13 14 16 17 18 | 18.6
Earth Magic    | 3 4 6 7 8 9 10 11 12 14 15 17 19 20 | 20.1
Conjurations   | 2 4 5 6 7 9 10 12 14 15 16 | 16.5
Fighting       | 2 3 4 5 6 8 |  8.5
Fire Magic     | 5 8 12 13 | 13.2
Stealth        | |  3.0
Transmutations | |  1.3

Action                   |  1- 3 |  4- 6 |  7- 9 | 10-12 | 13-15 || total
-------------------------+-------+-------+-------+-------+-------++-------
Melee: Quarterstaff      |       |       |       |     4 |       ||     4
       Scimitar          |       |       |       |       |     1 ||     1
 Cast: Sandblast         |    21 |    19 |     6 |    57 |    36 ||   139
       Stone Arrow       |       |     5 |    45 |   178 |    60 ||   288
       Iron Shot         |       |       |       |    60 |    76 ||   136
       Fireball          |       |       |       |     6 |       ||     6
       Orb of Destructio |       |       |       |       |    10 ||    10
       Iskenderun's Batt |       |       |       |       |     1 ||     1
  Use: Potion            |       |     9 |     1 |     4 |    15 ||    29
       Scroll            |       |       |       |       |     2 ||     2
Armor: Robe              |     2 |     2 |       |     5 |     3 ||    12
Dodge: Dodged            |     9 |    41 |    20 |   108 |    81 ||   259
